General information
- name: BNet
- type: Ladder team game (AT/RT)
- host: Battle.net
- saver: ThievinTurk
map: MarketSquare
- players: 8
- length: 64:51
- speed: Fast
- version: 1.26 W3XP
- replay type: Public
» download(458 KB)
Players
team 1 (loser)

»
JERK (
red | 106 APM | 6758 actions | 64:00)
6 Goblin Tinker
3 Pocket Factory
2 Engineering Upgrade
1 Robo-Goblin
5 Firelord
3 Summon Lava Spawn
2 Soul Burn
4 Pandaren Brewmaster
2 Breath of Fire
2 Drunken Brawler
» actions
| Assign group hotkey | 152 | |
| Basic commands | 228 | |
| Build / train | 128 | |
| ESC pressed | 3 | |
| Enter build submenu | 33 | |
| Enter hero's abilities submenu | 16 | |
| Give item / drop item | 14 | |
| Right click | 2825 | |
| Select / deselect | 1093 | |
| Select group hotkey | 1912 | |
| Use ability | 354 | |
6758 total
» units
| Wisp | 37 | |
| Archer | 8 | |
| Faerie Dragon | 4 | |
| Chimaera | 7 | |
| Druid of the Claw | 2 | |
| Hippogryph | 16 | |
| Druid of the Talon | 1 | |
75 total
» upgrades
| Ultravision | 1 | |
| Improved Bows | 1 | |
| Nature's Blessing | 1 | |
| Abolish Magic | 1 | |
| Druid of the Claw Training | 2 | |
| Druid of the Talon Training | 2 | |
| Strength of the Wild | 3 | |
| Reinforced Hides | 3 | |
| Mark of the Claw | 1 | |
| Well Spring | 1 | |
| Corrosive Breath | 1 | |
17 total
» buildings
| Moon Well | 11 | |
| Ancient of War | 1 | |
| Altar of Elders | 1 | |
| Ancient of Wonders | 1 | |
| Tree of Life | 10 | |
| Tree of Ages | 1 | |
| Hunter's Hall | 1 | |
| Tree of Eternity | 1 | |
| Ancient of Lore | 1 | |
| Ancient of Wind | 3 | |
| Chimaera Roost | 4 | |
35 total
» build order
00:07 Moon Well
00:33 Ancient of War
00:42 Altar of Elders
01:26 Moon Well
02:42 Moon Well
03:29 Ancient of Wonders
03:59 Tree of Life
04:50 Tree of Ages
05:16 Hunter's Hall
06:45 Moon Well
07:11 Tree of Eternity
07:22 Ancient of Lore
07:52 Ancient of Wind
09:59 Chimaera Roost
10:00 Chimaera Roost
10:16 Chimaera Roost
12:32 Moon Well
12:33 Moon Well
12:37 Moon Well
12:38 Moon Well
12:39 Moon Well
14:23 Chimaera Roost
14:44 Ancient of Wind
14:48 Ancient of Wind
15:01 Tree of Life
15:33 Moon Well
20:01 Moon Well
22:57 Tree of Life
28:12 Tree of Life
28:27 Tree of Life
30:26 Tree of Life
41:49 Tree of Life
45:28 Tree of Life
46:21 Tree of Life
49:36 Tree of Life
» items
| Scroll of Town Portal | 7 | |
| Orb of Venom | 2 | |
| Anti-magic Potion | 1 | |
| Boots of Speed | 2 | |
| Staff of Teleportation | 2 | |
14 total
Oaken (
green | 51 APM | 3290 actions | 64:04)
8 Goblin Tinker
3 Pocket Factory
3 Engineering Upgrade
1 Robo-Goblin
1 Cluster Rockets
» actions
| Basic commands | 182 | |
| Build / train | 85 | |
| Enter build submenu | 31 | |
| Enter hero's abilities submenu | 9 | |
| Remove unit from queue | 10 | |
| Right click | 1733 | |
| Select / deselect | 1046 | |
| Use ability | 194 | |
3290 total
» units
| Wisp | 20 | |
| Archer | 13 | |
| Hippogryph | 10 | |
| Druid of the Claw | 3 | |
| Dryad | 4 | |
50 total
» upgrades
| Strength of the Moon | 3 | |
| Hippogryph Taming | 1 | |
| Improved Bows | 1 | |
| Marksmanship | 1 | |
| Moon Armor | 1 | |
| Strength of the Wild | 2 | |
| Druid of the Claw Training | 1 | |
| Reinforced Hides | 1 | |
11 total
» buildings
| Altar of Elders | 1 | |
| Moon Well | 9 | |
| Ancient of War | 2 | |
| Tree of Ages | 2 | |
| Ancient of Wind | 2 | |
| Hunter's Hall | 1 | |
| Tree of Eternity | 2 | |
| Tree of Life | 8 | |
| Ancient of Lore | 4 | |
31 total
» build order
00:14 Altar of Elders
00:15 Moon Well
00:17 Moon Well
00:57 Moon Well
01:18 Ancient of War
02:04 Ancient of War
03:21 Moon Well
04:32 Tree of Ages
04:37 Moon Well
07:28 Ancient of Wind
07:29 Ancient of Wind
08:09 Hunter's Hall
09:27 Tree of Eternity
11:21 Moon Well
11:22 Moon Well
11:26 Moon Well
13:17 Moon Well
17:48 Tree of Life
22:50 Tree of Ages
23:30 Tree of Life
25:12 Ancient of Lore
25:13 Ancient of Lore
25:14 Ancient of Lore
25:16 Ancient of Lore
27:52 Tree of Eternity
31:54 Tree of Life
31:58 Tree of Life
32:07 Tree of Life
37:40 Tree of Life
38:31 Tree of Life
41:05 Tree of Life
» items
| Scroll of Town Portal | 1 | |
| Boots of Speed | 1 | |
| Orb of Lightning | 1 | |
| Staff of Teleportation | 1 | |
4 total
ThievinTurk (
blue | 58 APM | 3738 actions | 64:51)
7 Blademaster
3 Wind Walk
3 Critical Strike
1 Bladestorm
» actions
| Assign group hotkey | 66 | |
| Basic commands | 550 | |
| Build / train | 83 | |
| Enter build submenu | 73 | |
| Enter hero's abilities submenu | 7 | |
| Give item / drop item | 4 | |
| Remove unit from queue | 3 | |
| Right click | 1826 | |
| Select / deselect | 486 | |
| Select group hotkey | 414 | |
| Use ability | 226 | |
3738 total
» units
| Peon | 18 | |
| Grunt | 4 | |
| Troll Batrider | 1 | |
| Wind Rider | 17 | |
40 total
» upgrades
| Reinforced Defenses | 1 | |
| Ranged Weapons | 3 | |
| Armor | 3 | |
| Liquid Fire | 1 | |
| Ensnare | 1 | |
| Pillage | 1 | |
| Envenomed Spears | 1 | |
11 total
» buildings
| Orc Burrow | 8 | |
| Altar of Storms | 1 | |
| Barracks | 1 | |
| Voodoo Lounge | 3 | |
| Stronghold | 1 | |
| War Mill | 2 | |
| Great Hall | 2 | |
| Watch Tower | 61 | |
| Fortress | 1 | |
| Beastiary | 6 | |
86 total
» build order
00:14 Orc Burrow
01:05 Orc Burrow
01:11 Altar of Storms
01:13 Barracks
02:25 Voodoo Lounge
03:04 Stronghold
03:46 Orc Burrow
04:14 War Mill
05:30 Great Hall
07:10 Watch Tower
07:10 Watch Tower
07:11 Watch Tower
07:11 Watch Tower
08:00 Fortress
10:37 Watch Tower
10:37 Watch Tower
10:40 Watch Tower
10:41 Watch Tower
11:21 Watch Tower
11:22 Watch Tower
11:22 Watch Tower
11:23 Watch Tower
12:15 Watch Tower
12:16 Watch Tower
12:17 Watch Tower
12:52 Watch Tower
12:53 Watch Tower
12:56 Watch Tower
12:56 Watch Tower
14:15 Beastiary
14:23 Beastiary
14:27 Beastiary
14:29 Beastiary
16:24 War Mill
16:26 Watch Tower
16:27 Watch Tower
16:30 Watch Tower
16:33 Watch Tower
23:42 Orc Burrow
23:44 Orc Burrow
23:45 Orc Burrow
23:49 Orc Burrow
23:51 Orc Burrow
24:04 Watch Tower
24:05 Watch Tower
24:06 Watch Tower
24:07 Watch Tower
24:08 Watch Tower
24:10 Watch Tower
24:11 Watch Tower
24:11 Watch Tower
24:14 Watch Tower
24:16 Watch Tower
24:16 Watch Tower
24:16 Watch Tower
24:17 Watch Tower
24:17 Watch Tower
24:17 Watch Tower
24:19 Watch Tower
24:21 Watch Tower
24:22 Watch Tower
24:23 Watch Tower
24:26 Watch Tower
24:28 Watch Tower
24:29 Watch Tower
24:32 Watch Tower
30:34 Watch Tower
30:34 Watch Tower
30:35 Watch Tower
30:35 Watch Tower
30:35 Watch Tower
30:38 Watch Tower
32:32 Watch Tower
32:32 Watch Tower
32:33 Watch Tower
32:35 Great Hall
32:43 Watch Tower
32:43 Watch Tower
32:44 Watch Tower
32:44 Watch Tower
35:20 Voodoo Lounge
38:59 Beastiary
39:01 Beastiary
40:02 Voodoo Lounge
» items
| Healing Salve | 2 | |
| Orb of Lightning | 1 | |
| Scroll of Town Portal | 12 | |
| Potion of Healing | 1 | |
| Staff of Teleportation | 2 | |
18 total
dontkillme_BRO (
teal | 65 APM | 4142 actions | 63:51)
6 Demon Hunter
1 Immolation
3 Mana Burn
1 Evasion
1 Metamorphosis
6 Keeper of the Grove
3 Entangling Roots
1 Force of Nature
1 Thorns Aura
1 Tranquility
» actions
| Assign group hotkey | 84 | |
| Basic commands | 148 | |
| Build / train | 148 | |
| ESC pressed | 2 | |
| Enter build submenu | 36 | |
| Enter hero's abilities submenu | 12 | |
| Give item / drop item | 7 | |
| Right click | 1335 | |
| Select / deselect | 579 | |
| Select group hotkey | 1604 | |
| Use ability | 187 | |
4142 total
» units
| Wisp | 31 | |
| Archer | 31 | |
| Hippogryph | 29 | |
91 total
» upgrades
| Strength of the Moon | 3 | |
| Moon Armor | 3 | |
| Hippogryph Taming | 1 | |
| Improved Bows | 1 | |
| Strength of the Wild | 3 | |
| Reinforced Hides | 3 | |
| Marksmanship | 1 | |
| Nature's Blessing | 1 | |
| Well Spring | 1 | |
17 total
» buildings
| Altar of Elders | 1 | |
| Moon Well | 9 | |
| Ancient of War | 2 | |
| Ancient of Wonders | 1 | |
| Hunter's Hall | 1 | |
| Tree of Life | 3 | |
| Tree of Ages | 1 | |
| Ancient Protector | 14 | |
| Ancient of Wind | 3 | |
| Tree of Eternity | 4 | |
39 total
» build order
00:06 Altar of Elders
00:20 Moon Well
01:20 Ancient of War
01:29 Moon Well
01:50 Ancient of War
02:24 Moon Well
03:21 Ancient of Wonders
04:22 Hunter's Hall
04:49 Tree of Life
05:29 Tree of Ages
06:01 Ancient Protector
06:09 Ancient Protector
07:45 Moon Well
07:56 Ancient of Wind
08:02 Ancient of Wind
08:07 Ancient of Wind
08:29 Moon Well
08:42 Moon Well
08:53 Ancient Protector
08:56 Ancient Protector
09:44 Moon Well
09:50 Ancient Protector
09:56 Ancient Protector
10:48 Moon Well
11:08 Ancient Protector
11:41 Ancient Protector
13:10 Ancient Protector
14:21 Ancient Protector
15:02 Tree of Eternity
15:02 Tree of Eternity
15:02 Tree of Eternity
15:02 Tree of Eternity
42:48 Ancient Protector
42:52 Ancient Protector
43:00 Ancient Protector
43:03 Ancient Protector
45:18 Moon Well
50:42 Tree of Life
52:58 Tree of Life
» items
| Potion of Healing | 6 | |
| Scroll of Town Portal | 10 | |
| Boots of Speed | 1 | |
17 total
team 2 (winner)
llllllllIlIllll (
pink | 113 APM | 2361 actions | 20:51)
4 Archmage
1 Summon Water Elemental
1 Blizzard
2 Brilliance Aura
3 Paladin
1 Holy Light
1 Divine Shield
1 Devotion Aura
» actions
| Assign group hotkey | 32 | |
| Basic commands | 129 | |
| Build / train | 85 | |
| ESC pressed | 3 | |
| Enter build submenu | 48 | |
| Enter hero's abilities submenu | 7 | |
| Give item / drop item | 3 | |
| Right click | 752 | |
| Select / deselect | 311 | |
| Select group hotkey | 880 | |
| Use ability | 111 | |
2361 total
» units
| Peasant | 24 | |
| Footman | 5 | |
| Flying Machine | 12 | |
41 total
» upgrades
| Defend | 1 | |
| Masonry | 3 | |
| Lumber Harvesting | 2 | |
| Backpack | 1 | |
| Flak Cannons | 1 | |
| Flying Machine Bombs | 1 | |
| Plating | 2 | |
| Gunpowder | 1 | |
| Barrage | 1 | |
13 total
» buildings
| Farm | 15 | |
| Barracks | 1 | |
| Altar of Kings | 1 | |
| Scout Tower | 12 | |
| Arcane Vault | 3 | |
| Arcane Tower | 2 | |
| Town Hall | 1 | |
| Keep | 2 | |
| Lumber Mill | 2 | |
| Guard Tower | 5 | |
| Blacksmith | 2 | |
| Castle | 1 | |
| Workshop | 4 | |
| Gryphon Aviary | 1 | |
52 total
» build order
00:20 Farm
00:25 Barracks
00:50 Farm
00:53 Altar of Kings
01:45 Farm
01:58 Scout Tower
02:27 Arcane Vault
02:29 Arcane Tower
02:44 Farm
04:02 Town Hall
04:26 Scout Tower
04:28 Scout Tower
05:15 Arcane Tower
05:20 Scout Tower
05:22 Scout Tower
05:33 Keep
05:42 Lumber Mill
06:04 Arcane Vault
06:17 Guard Tower
06:42 Farm
07:21 Farm
07:41 Scout Tower
07:44 Scout Tower
07:45 Scout Tower
08:18 Farm
08:27 Guard Tower
08:29 Scout Tower
08:36 Lumber Mill
08:58 Farm
09:06 Blacksmith
09:12 Scout Tower
09:14 Scout Tower
09:16 Guard Tower
09:59 Scout Tower
10:18 Castle
10:20 Guard Tower
10:28 Workshop
10:31 Workshop
10:35 Guard Tower
11:05 Workshop
11:27 Workshop
11:43 Farm
12:27 Farm
12:58 Farm
13:05 Blacksmith
13:14 Farm
13:59 Farm
14:17 Farm
14:49 Arcane Vault
15:17 Farm
16:21 Gryphon Aviary
» items
| Scroll of Regeneration | 4 | |
| Boots of Speed | 1 | |
| Staff of Teleportation | 1 | |
| Potion of Healing | 1 | |
| Scroll of Town Portal | 1 | |
8 total
IHack2Win (
yellow | 90 APM | 1562 actions | 17:24)
3 Death Knight
2 Death Coil
1 Unholy Aura
1 Lich
1 Frost Nova
» actions
| Assign group hotkey | 16 | |
| Basic commands | 99 | |
| Build / train | 47 | |
| ESC pressed | 1 | |
| Enter build submenu | 16 | |
| Enter hero's abilities submenu | 5 | |
| Remove unit from queue | 1 | |
| Right click | 739 | |
| Select / deselect | 235 | |
| Select group hotkey | 355 | |
| Use ability | 48 | |
1562 total
» units
| Acolyte | 8 | |
| Ghoul | 3 | |
| Crypt Fiend | 14 | |
| Frost Wyrm | 1 | |
26 total
» upgrades
» buildings
| Graveyard | 1 | |
| Crypt | 1 | |
| Altar of Darkness | 1 | |
| Ziggurat | 7 | |
| Tomb of Relics | 1 | |
| Halls of the Dead | 1 | |
| Black Citadel | 3 | |
| Sacrificial Pit | 1 | |
| Boneyard | 2 | |
18 total
» build order
00:10 Graveyard
00:19 Crypt
00:44 Altar of Darkness
01:01 Ziggurat
01:32 Tomb of Relics
02:11 Ziggurat
02:15 Ziggurat
03:57 Ziggurat
04:33 Halls of the Dead
06:14 Ziggurat
07:17 Black Citadel
07:18 Black Citadel
07:18 Black Citadel
08:33 Sacrificial Pit
09:50 Boneyard
09:51 Boneyard
10:06 Ziggurat
13:24 Ziggurat
» items
| Rod of Necromancy | 2 | |
| Scroll of Town Portal | 2 | |
| Orb of Corruption | 1 | |
| Dust of Appearance | 1 | |
6 total
HONOURAMONGSTAB (
orange | 100 APM | 6469 actions | 64:51)
10 Archmage
3 Summon Water Elemental
3 Brilliance Aura
1 Mass Teleport
3 Blizzard
» actions
| Assign group hotkey | 128 | |
| Basic commands | 175 | |
| Build / train | 376 | |
| ESC pressed | 26 | |
| Enter build submenu | 141 | |
| Enter hero's abilities submenu | 11 | |
| Give item / drop item | 18 | |
| Right click | 2778 | |
| Select / deselect | 850 | |
| Select group hotkey | 1336 | |
| Use ability | 630 | |
6469 total
» units
| Peasant | 20 | |
| Footman | 5 | |
| Dragonhawk Rider | 15 | |
| Gryphon Rider | 13 | |
| Siege Engine | 7 | |
| Acolyte | 5 | |
| Frost Wyrm | 5 | |
| Ghoul | 3 | |
73 total
» upgrades
| Masonry | 6 | |
| Lumber Harvesting | 2 | |
| Cloud | 1 | |
| Swords | 3 | |
| Armor | 3 | |
| Animal War Training | 1 | |
| Storm Hammers | 1 | |
| Plating | 3 | |
| Creature Carapace | 3 | |
23 total
» buildings
| Altar of Kings | 3 | |
| Barracks | 1 | |
| Farm | 25 | |
| Lumber Mill | 5 | |
| Arcane Vault | 3 | |
| Town Hall | 3 | |
| Scout Tower | 67 | |
| Guard Tower | 97 | |
| Keep | 6 | |
| Gryphon Aviary | 3 | |
| Castle | 9 | |
| Blacksmith | 2 | |
| Arcane Tower | 35 | |
| Necropolis | 1 | |
| Ziggurat | 5 | |
| Halls of the Dead | 5 | |
| Graveyard | 1 | |
| Nerubian Tower | 4 | |
| Spirit Tower | 12 | |
| Altar of Darkness | 1 | |
| Sacrificial Pit | 1 | |
| Black Citadel | 4 | |
| Boneyard | 2 | |
| Crypt | 1 | |
296 total
» build order
01:01 Altar of Kings
01:04 Barracks
01:05 Farm
01:08 Farm
01:32 Farm
01:41 Lumber Mill
02:25 Farm
02:59 Arcane Vault
03:11 Farm
04:22 Town Hall
04:30 Scout Tower
04:31 Scout Tower
04:33 Scout Tower
04:35 Scout Tower
05:04 Guard Tower
05:05 Guard Tower
05:05 Guard Tower
05:05 Guard Tower
05:07 Guard Tower
05:15 Guard Tower
06:15 Keep
06:16 Keep
06:42 Scout Tower
06:43 Scout Tower
07:13 Guard Tower
07:13 Guard Tower
07:16 Guard Tower
07:16 Guard Tower
07:18 Scout Tower
07:20 Scout Tower
08:31 Scout Tower
08:33 Scout Tower
08:51 Gryphon Aviary
08:54 Gryphon Aviary
09:04 Guard Tower
09:04 Guard Tower
09:46 Castle
09:46 Castle
09:46 Castle
10:58 Blacksmith
10:59 Blacksmith
13:01 Lumber Mill
13:06 Lumber Mill
13:15 Lumber Mill
13:17 Scout Tower
15:13 Farm
15:14 Farm
15:15 Farm
15:15 Farm
16:05 Scout Tower
16:07 Scout Tower
16:08 Scout Tower
16:09 Scout Tower
16:15 Scout Tower
20:05 Scout Tower
20:06 Scout Tower
20:07 Scout Tower
20:07 Scout Tower
20:08 Scout Tower
20:11 Scout Tower
20:32 Scout Tower
20:34 Scout Tower
20:48 Farm
21:04 Guard Tower
21:04 Guard Tower
21:04 Guard Tower
21:05 Guard Tower
21:20 Guard Tower
21:20 Guard Tower
21:29 Guard Tower
21:29 Guard Tower
21:30 Guard Tower
21:44 Scout Tower
21:47 Scout Tower
21:51 Scout Tower
21:52 Scout Tower
21:53 Scout Tower
21:54 Scout Tower
21:56 Scout Tower
22:00 Guard Tower
22:00 Guard Tower
22:01 Guard Tower
23:58 Farm
23:59 Farm
24:21 Farm
27:38 Scout Tower
27:38 Scout Tower
27:39 Scout Tower
29:20 Scout Tower
29:24 Scout Tower
29:26 Scout Tower
29:36 Arcane Vault
29:51 Scout Tower
29:53 Scout Tower
29:56 Arcane Tower
29:56 Arcane Tower
29:57 Arcane Tower
30:00 Guard Tower
30:00 Guard Tower
30:00 Guard Tower
30:03 Scout Tower
30:04 Scout Tower
30:06 Scout Tower
30:23 Guard Tower
30:24 Guard Tower
30:24 Guard Tower
30:35 Guard Tower
30:35 Guard Tower
30:35 Guard Tower
30:35 Guard Tower
30:40 Scout Tower
30:41 Scout Tower
30:42 Scout Tower
32:21 Guard Tower
33:39 Town Hall
34:07 Scout Tower
34:07 Scout Tower
34:09 Scout Tower
34:36 Arcane Tower
34:37 Arcane Tower
34:49 Lumber Mill
35:19 Farm
35:20 Farm
36:09 Scout Tower
36:23 Guard Tower
36:23 Guard Tower
36:24 Guard Tower
36:33 Scout Tower
36:38 Scout Tower
37:29 Guard Tower
37:30 Guard Tower
37:30 Guard Tower
37:30 Guard Tower
37:32 Scout Tower
37:33 Scout Tower
37:45 Scout Tower
37:47 Scout Tower
37:55 Keep
37:55 Keep
37:56 Keep
38:06 Guard Tower
38:06 Guard Tower
38:06 Guard Tower
38:07 Guard Tower
38:07 Guard Tower
38:07 Guard Tower
38:07 Guard Tower
38:14 Guard Tower
38:14 Guard Tower
38:15 Guard Tower
38:16 Scout Tower
38:26 Guard Tower
38:26 Guard Tower
38:42 Scout Tower
38:43 Arcane Tower
39:11 Arcane Vault
39:13 Arcane Tower
39:13 Arcane Tower
39:14 Scout Tower
39:41 Guard Tower
39:41 Guard Tower
40:30 Altar of Kings
40:34 Altar of Kings
40:44 Gryphon Aviary
41:41 Scout Tower
41:45 Scout Tower
42:09 Guard Tower
42:09 Guard Tower
42:09 Guard Tower
42:17 Farm
42:19 Farm
42:31 Farm
42:33 Castle
42:34 Castle
42:34 Castle
42:34 Guard Tower
42:35 Guard Tower
42:35 Guard Tower
43:57 Farm
44:43 Farm
46:10 Necropolis
46:37 Farm
47:49 Ziggurat
47:51 Ziggurat
47:53 Ziggurat
47:55 Ziggurat
47:56 Halls of the Dead
47:56 Halls of the Dead
47:56 Halls of the Dead
48:00 Graveyard
48:14 Ziggurat
48:44 Nerubian Tower
48:45 Nerubian Tower
48:45 Nerubian Tower
48:45 Nerubian Tower
49:26 Spirit Tower
49:27 Spirit Tower
49:27 Spirit Tower
49:27 Spirit Tower
49:28 Spirit Tower
49:28 Spirit Tower
49:28 Spirit Tower
49:28 Spirit Tower
49:42 Altar of Darkness
50:31 Sacrificial Pit
50:46 Black Citadel
50:46 Black Citadel
50:46 Black Citadel
53:02 Farm
54:23 Boneyard
54:26 Boneyard
54:32 Scout Tower
54:36 Scout Tower
54:38 Scout Tower
54:48 Arcane Tower
54:48 Arcane Tower
54:48 Arcane Tower
54:48 Arcane Tower
54:51 Arcane Tower
54:51 Arcane Tower
54:51 Arcane Tower
54:52 Arcane Tower
54:57 Scout Tower
54:58 Scout Tower
55:13 Arcane Tower
55:13 Arcane Tower
55:14 Arcane Tower
55:14 Arcane Tower
55:58 Arcane Tower
55:58 Arcane Tower
55:58 Arcane Tower
56:03 Scout Tower
56:06 Scout Tower
56:48 Arcane Tower
56:48 Arcane Tower
56:48 Guard Tower
56:54 Farm
56:57 Farm
56:59 Farm
58:36 Guard Tower
58:36 Guard Tower
58:37 Guard Tower
58:38 Guard Tower
60:12 Crypt
62:59 Town Hall
» items
| Scroll of Regeneration | 18 | |
| Mechanical Critter | 5 | |
| Periapt of Vitality | 3 | |
| Staff of Teleportation | 2 | |
| Lesser Clarity Potion | 3 | |
| Boots of Speed | 1 | |
| Scroll of Town Portal | 9 | |
| Orb of Corruption | 3 | |
| Potion of Healing | 3 | |
| Staff of Sanctuary | 1 | |
| Ivory Tower | 7 | |
55 total
moebuckets (
purple | 41 APM | 1015 actions | 24:40)
2 Archmage
1 Summon Water Elemental
1 Brilliance Aura
» actions
| Assign group hotkey | 4 | |
| Basic commands | 4 | |
| Build / train | 116 | |
| Enter build submenu | 38 | |
| Enter hero's abilities submenu | 2 | |
| Right click | 281 | |
| Select / deselect | 455 | |
| Select group hotkey | 71 | |
| Use ability | 44 | |
1015 total
» units
| Peasant | 34 | |
| Footman | 17 | |
| Knight | 6 | |
| Rifleman | 3 | |
| Siege Engine | 15 | |
| Flying Machine | 15 | |
90 total
» upgrades
| Lumber Harvesting | 2 | |
| Swords | 1 | |
| Barrage | 1 | |
| Gunpowder | 1 | |
| Flak Cannons | 1 | |
6 total
» buildings
| Altar of Kings | 1 | |
| Farm | 15 | |
| Barracks | 3 | |
| Scout Tower | 8 | |
| Arcane Tower | 3 | |
| Lumber Mill | 1 | |
| Keep | 5 | |
| Guard Tower | 5 | |
| Castle | 2 | |
| Town Hall | 1 | |
| Blacksmith | 1 | |
| Workshop | 2 | |
| Arcane Vault | 1 | |
48 total
» build order
00:20 Altar of Kings
00:23 Farm
01:03 Farm
01:19 Barracks
01:47 Farm
02:27 Scout Tower
02:33 Scout Tower
03:02 Arcane Tower
03:28 Scout Tower
03:38 Scout Tower
04:06 Arcane Tower
04:11 Lumber Mill
04:20 Arcane Tower
04:54 Keep
04:54 Keep
04:54 Keep
04:54 Keep
05:10 Scout Tower
05:17 Farm
05:29 Barracks
05:37 Scout Tower
05:50 Guard Tower
06:13 Guard Tower
06:14 Guard Tower
06:31 Farm
07:36 Castle
08:36 Town Hall
09:42 Blacksmith
10:21 Farm
11:00 Barracks
11:28 Farm
13:01 Scout Tower
13:18 Scout Tower
13:40 Workshop
13:54 Guard Tower
13:55 Guard Tower
17:13 Workshop
18:54 Farm
18:57 Farm
19:10 Farm
19:13 Farm
19:55 Farm
19:56 Farm
19:56 Farm
20:11 Arcane Vault
20:36 Farm
Chat log
(07:16 / All) Oaken: your so bad prp lol
(07:43 / Allies) JERK: NEED TO SEE WHAT YELLOW IS DOING
(09:03 / All) Oaken: cmon yellow
(11:50 / Allies) ThievinTurk: focus dk
(13:38 / Allies) JERK: SO BLUE ARE YOU GOING TO MAKE ANY UNITS?
(14:23 / All) HONOURAMONGSTAB: Green you are really good
(14:27 / All) HONOURAMONGSTAB: LOL
(14:28 / All) Oaken: lol 1v1 me
(14:28 / All) HONOURAMONGSTAB: FREE HIPPOS
(14:29 / All) Oaken: kid
(14:33 / Allies) ThievinTurk: lumber?
(14:34 / All) HONOURAMONGSTAB: bitch boy
(14:35 / All) Oaken: no
(14:36 / All) HONOURAMONGSTAB: sissy cunt
(14:40 / All) Oaken: go to clan godz
(14:40 / All) HONOURAMONGSTAB: 1v1 after this then
(14:41 / All) HONOURAMONGSTAB: bitch boy
(14:43 / All) Oaken: 1v1 me
(14:47 / Allies) ThievinTurk: lumber?
(14:49 / All) HONOURAMONGSTAB: sissy lol
(14:51 / All) HONOURAMONGSTAB: cuck bitch
(14:58 / Allies) ThievinTurk: lumber me pals
(16:08 / Allies) Oaken: why blue
(16:10 / Allies) Oaken: u need melee
(16:47 / All) HONOURAMONGSTAB: Pink is tk
(16:52 / All) llllllllIlIllll: CRYMORECRYMORECRYMORECRYMORECRYMORECRYMORECRYMORE
(17:00 / All) JERK: PINK YOU ARE GARBAGE
(17:45 / All) HONOURAMONGSTAB: Bitch boy pink wants to jam
(17:47 / Allies) ThievinTurk: lumber pals
(17:52 / All) llllllllIlIllll: CRYMORECRYMORECRYMORECRYMORECRYMORECRYMORECRYMORE
(17:59 / All) JERK: WHAT A FUCKING NERD
(18:00 / All) JERK: LOL
(19:19 / All) llllllllIlIllll: CRYMORECRYMORECRYMORECRYMORECRYMORECRYMORECRYMORE
(19:32 / All) HONOURAMONGSTAB: Pink can't even tk properly
(19:36 / All) llllllllIlIllll: CRYMORECRYMORECRYMORECRYMORECRYMORECRYMORECRYMORE
(19:37 / All) HONOURAMONGSTAB: He's a sissy bitch
(19:40 / All) llllllllIlIllll: CRYMORECRYMORECRYMORECRYMORECRYMORECRYMORECRYMORE
(19:43 / All) HONOURAMONGSTAB: Pink we've raped you tons of timesl ol
(19:45 / All) JERK: WHAT DO YOU EXPECT FROM SOMEONE THAT MAKES A NAME YOU CAN'T TYPE TO SPAM SHIT
(19:49 / All) llllllllIlIllll: CRYMORECRYMORECRYMORECRYMORECRYMORECRYMORECRYMORE
(20:00 / All) llllllllIlIllll: CRYMORECRYMORECRYMORECRYMORECRYMORECRYMORECRYMORE
(20:08 / All) JERK: LOL SO PATHETIC
(20:11 / All) llllllllIlIllll: CRYMORECRYMORECRYMORECRYMORECRYMORECRYMORECRYMORE
(20:14 / Allies) ThievinTurk: les go
(20:26 / All) llllllllIlIllll: CRYMORECRYMORECRYMORECRYMORECRYMORECRYMORECRYMORE
(20:47 / All) llllllllIlIllll: CRYMORECRYMORECRYMORECRYMORECRYMORECRYMORECRYMORE
(20:55 / All) HONOURAMONGSTAB: lol
(24:40 / All) HONOURAMONGSTAB: wish he left earlier
(26:03 / Allies) dontkillme_BRO: wtf blue
(26:19 / All) ThievinTurk: drop hack?
(27:41 / Allies) JERK: FOR FUCKS SAKE
(27:47 / Allies) JERK: WHY DO YOU WAITE 30 MINUTES TO DO THIS
(27:57 / Allies) dontkillme_BRO: cuz hes a fucking fag
(29:02 / Allies) Oaken: lol
(29:04 / Allies) Oaken: he tks
(29:26 / Allies) Oaken: your so gonna fuck regret that blue
(29:32 / Allies) Oaken: just remember clan gods
(29:44 / Allies) ThievinTurk: wood
(30:13 / Allies) JERK: GET A STAFF OF TELEPORT AND USE IT ON HIS BM TO STOP IT FROM RUNNING
(32:12 / Allies) JERK: BLUE YOU ARE COMPLETE TRASH
(33:05 / All) JERK: WHAT A WASTE OF FUCKING TIME
(33:10 / All) HONOURAMONGSTAB: owned you again
(33:22 / All) Oaken: not even lol
(33:23 / All) Oaken: noob
(33:33 / All) HONOURAMONGSTAB: wasn't talk to you, dumbass
(33:39 / All) JERK: NOT EVEN DUMBASS
(33:39 / All) Oaken: ik retard
(33:48 / All) JERK: YOU FUCKING MORONS ARE PATHETIC
(33:57 / All) HONOURAMONGSTAB: you play for wins in a 13 yr o game
(33:58 / All) HONOURAMONGSTAB: buddy
(34:06 / All) JERK: YOU PLAY TO LOSE IN A13 YEAR OLD GAME, SHITTER
(34:09 / All) Oaken: its the perpose of the game
(34:10 / All) Oaken: lol
(34:12 / All) Oaken: is to win
(34:23 / Allies) JERK: BUY A STAFF OF TP SO HE CAN'T RUN
(34:25 / Allies) JERK: USE IT ON HIM
(34:27 / Allies) JERK: IT WILLS TOP THE BM
(37:11 / All) Oaken: your so getting hacked
(37:16 / All) HONOURAMONGSTAB: LOL
(39:14 / Allies) JERK: YOU DOUCHEBAGS NEED TO REEXAMINE YOUR LIVES
(40:26 / Allies) ThievinTurk: you suck teal lol
(40:28 / Allies) ThievinTurk: you're just lucky
(40:34 / Allies) JERK: YOU'RE FUCKING TRASH
(40:43 / Allies) ThievinTurk: doesn't even know how to queue
(41:17 / All) ThievinTurk: this fucking sucks
(41:20 / All) ThievinTurk: weakest fucking air
(41:21 / All) ThievinTurk: 3 ne
(41:26 / Allies) JERK: YOU FUCKING SUCH
(41:27 / Allies) JERK: SUCK
(41:30 / Allies) JERK: YOU DUMB FUCKING COCK SUCKER
(41:32 / Allies) JERK: UNINSTALL
(41:37 / Allies) JERK: AND GO SNIFF PAINT
(42:16 / All) JERK: FRIDAY NIGHT AND YOU'RE GRIEFING IN A 13 YEAR OLD GAME
(42:27 / All) HONOURAMONGSTAB: friday night and you're trying to win in a 13 year old game
(42:31 / All) JERK: YOU'RE RIGHTR
(42:40 / All) JERK: I'M NOT JUST HERE TO BE A DUMB COCKSUCKER
(42:48 / All) HONOURAMONGSTAB: lol
(42:49 / All) JERK: BECAUSE THERE'S NO CONSEQUENCES TO MY COCK SUCKERY
(42:50 / Allies) Oaken: why do you insist on getting hacked blue
(42:53 / All) HONOURAMONGSTAB: if you're not then why are you
(46:09 / Allies) JERK: YOU TWO FAGGOTS NEED TO BE BANNED FROM LIFE
(47:20 / Allies) JERK: LET ME OUT
(49:48 / All) JERK: WASTE SO MUCH TIME WITH YOUR DUMB TK BULLSHIT
(49:59 / All) dontkillme_BRO: and mh too
(50:05 / All) Oaken: cant kill me blue lol
(50:10 / All) Oaken: noob
(50:13 / Allies) ThievinTurk: think so
(50:18 / Allies) Oaken: still alive
(50:18 / Allies) Oaken: noob
(50:29 / Allies) ThievinTurk: yes you are
(50:30 / Allies) ThievinTurk: noob elf
(50:34 / Allies) JERK: FAGGOT
(50:37 / Allies) Oaken: lol your so bad kid
(50:43 / Allies) Oaken: we lose bc of him
(51:16 / All) HONOURAMONGSTAB: wow crymore is still spamming me in whispers
(51:36 / All) JERK: YOU TWO FUCKING PUNKS ARE BELOW FILTH
(52:17 / Allies) JERK: PLEASE KILL YOURSELVES
(52:18 / Allies) Oaken: red
(52:32 / Allies) Oaken: use tinker to kill oj base with me
(53:16 / Allies) Oaken: no aa
(54:01 / All) JERK: YOU FUCKING
(54:02 / All) JERK: fAGGOTS
(54:05 / All) JERK: ARE SO BAD
(54:18 / All) HONOURAMONGSTAB: good enough to rape you
(54:24 / All) JERK: GET REAL FAGGOT
(54:45 / All) JERK: PATHETIC CUNTS
(54:58 / All) JERK: FAGGOTS LIKE YOU SHOULD BE BANNED
(54:59 / Allies) Oaken: kill blues peons
(55:07 / All) HONOURAMONGSTAB: we won't be babe ;)
(55:12 / All) JERK: I KNOW YOU WON'T FAGGOT
(55:37 / All) JERK: DOESN'T MAKE YOU SHITTERS ANY LESS DESERVING
(57:38 / Allies) Oaken: dont let tinker die he best to kill oj
(58:49 / All) JERK: CAN'T BELIEVER YOU RETARDS SPEND TIME LIKE THIS
(58:58 / Allies) Oaken: lololol
(59:10 / Allies) ThievinTurk: giving up? lol
(59:13 / Allies) Oaken: no
(59:17 / Allies) Oaken: making it so u cant use wells
(59:18 / Allies) Oaken: noob
(59:21 / Allies) ThievinTurk: lol
(59:56 / Allies) ThievinTurk: lol
(59:57 / All) HONOURAMONGSTAB: raped
(60:00 / All) JERK: YOU
(60:04 / All) JERK: NEED TO BE RAPED TO DEATH
(60:09 / All) HONOURAMONGSTAB: LOL
(60:20 / All) JERK: BOTH OF YOU FUCKING APES
(60:31 / All) HONOURAMONGSTAB: sounds like someone is mad
(60:48 / Allies) Oaken: tp teal
(60:48 / All) ThievinTurk: lol
(60:50 / All) JERK: NO SHIT I'M MAD LOOK AT THIS BULLSHIT
(60:53 / Allies) Oaken: u dont have tele why
(61:00 / Allies) dontkillme_BRO: no gold
(61:01 / All) JERK: LOOK AT HOW PATHETIC THE TRASH THAT PLAYS THIS GAME IS
(61:31 / All) JERK: FUCK YOU
(61:34 / All) JERK: ORANGE
(61:35 / All) HONOURAMONGSTAB: LOL
(61:36 / Allies) Oaken: wow
(61:37 / All) JERK: AND FUCK YOU BLUE
(61:38 / All) JERK: GET A LIFE FAGGOTS
(61:39 / Allies) Oaken: how he get frost
(61:40 / Allies) Oaken: lol
(61:42 / All) HONOURAMONGSTAB: No hero for you bitch
(61:45 / All) JERK: GET
(61:46 / All) JERK: FUCKED
(61:49 / All) JERK: YOU FUCKING FAGGOT
(61:57 / All) HONOURAMONGSTAB: you are a joy to tk
(62:02 / All) ThievinTurk: lol
(62:05 / All) HONOURAMONGSTAB: and give losses to
(62:07 / All) JERK: YOU ARE EMBARRASSMENT TO HUMANITY
(62:13 / All) ThievinTurk: dude
(62:15 / All) JERK: BOTH OF YOU
(62:18 / All) ThievinTurk: self-deprecation is NOT COOL
(62:19 / All) HONOURAMONGSTAB: 45-30
(62:20 / All) JERK: ARE DOG SHIT
(62:22 / All) ThievinTurk: be kind to yourself
(62:29 / All) JERK: I HOPE YOU DIE OF CANCER
(62:32 / All) ThievinTurk: or else yo ucan expect no kindness from others
(62:37 / All) JERK: FUCK YOU
(62:38 / All) ThievinTurk: you're such a jerk!
(62:42 / All) JERK: ROFL ROFL
(62:46 / All) JERK: KILL YOURSELVES
(62:53 / All) ThievinTurk: What are you upset about anyawy
(62:58 / All) ThievinTurk: it's fair
(63:00 / All) ThievinTurk: his team had tk
(63:02 / All) JERK: I LIKE THIS GAME AND IT'S FULL OF DUMB FAGGOTS
(63:08 / All) HONOURAMONGSTAB: Pink was a tk
(63:14 / All) JERK: AND HE QUIT?
(63:18 / All) JERK: AND HE'S NOT HELPING YOUR DUMB ASS?
(63:22 / All) HONOURAMONGSTAB: No he couldn't tk I owned him
(63:29 / All) HONOURAMONGSTAB: and now I own you
(63:38 / All) JERK: YOU DON'T OWN SHIT YOU WORTHLESS CUNT STAIN
(63:44 / All) HONOURAMONGSTAB: I own you
(63:44 / All) JERK: KILL YOURSELF
(63:49 / All) JERK: LOL
(63:50 / All) JERK: TRASH
(63:52 / All) JERK: BELOW TRASH
(63:54 / All) ThievinTurk: awe
(63:54 / All) HONOURAMONGSTAB: lol
(63:55 / All) JERK: FUCKING GARBAGE
(63:58 / All) JERK: KILL
(63:59 / All) JERK: YOURSELVES
(64:04 / All) HONOURAMONGSTAB: if I'm so bad then it doesn't take much to beat you LOL
(64:08 / All) ThievinTurk: lmao
(64:09 / All) HONOURAMONGSTAB: RAPED
(64:11 / All) HONOURAMONGSTAB: GOOD WORK
(64:12 / All) HONOURAMONGSTAB: MY NIGGA
(64:13 / All) ThievinTurk: they get loss
(64:17 / All) ThievinTurk: I didn't think we had it
(64:25 / All) HONOURAMONGSTAB: we always have it lately
(64:28 / All) ThievinTurk: another game where they had me countered
(64:30 / All) HONOURAMONGSTAB: even when it gets close
(64:39 / All) ThievinTurk: Where I couldn't attack them relaly
(64:46 / All) ThievinTurk: weak ass orc air